 Dungeon Crawl Stone Soup version 0.28-a0-1624-g820543e53a (webtiles) character file.

Game seed: 2213207923264262894

776 jlumianski the Chopper (level 7, -1/91 HPs)
             Began as a Hill Orc Fighter on Jan 22, 2022.
             Was a Follower of Beogh.
             Succumbed to an orc's poison
             ... on level 6 of the Dungeon on Jan 23, 2022.
             The game lasted 00:18:12 (5138 turns).

jlumianski the Chopper (Hill Orc Fighter)           Turns: 5138, Time: 00:18:12

Health: -1/91      AC:  8    Str: 23    XL:     7   Next: 84%
Magic:  16/16      EV:  9    Int:  8    God:    Beogh [*.....]
Gold:   217        SH:  4    Dex: 10    Spells: 6/6 levels left

rFire   . . .      SeeInvis .   a - +1 war axe (vorpal)
rCold   . . .      Faith    .   c - +0 buckler
rNeg    . . .      Spirit   .   b - +0 scale mail
rPois   .          Reflect  .   (no helmet)
rElec   .          Harm     .   (no cloak)
rCorr   .          Rampage  .   (no gloves)
Will    .....                   m - +0 pair of boots
Stlth   ..........              (no amulet)
HPRegen 0.25/turn               l - ring of magical power
MPRegen 0.15/turn               (no ring)

@: berserking, lethally poisoned (-1 -> -11), very quick
A: screaming 1, strong 1, subdued magic 1
a: Renounce Religion


You were on level 6 of the Dungeon.
You worshipped Beogh.
Beogh was aware of your devotion.
You visited 1 branch of the dungeon, and saw 6 of its levels.

You collected 217 gold pieces.

Inventory:

Hand Weapons
 a - a +1 vorpal war axe (weapon)
 d - a +2 flail of venom
 i - a +0 hunting sling
Missiles
 e - 195 stones
 n - 44 bolts
 q - 11 poisoned darts (quivered)
Armour
 b - a +0 scale mail (worn)
 c - a +0 buckler (worn)
 g - a +2 chain mail of fire resistance
 m - a +0 pair of boots (worn)
Jewellery
 l - a ring of magical power (left hand)
 t - a +6 ring of intelligence
 v - a ring of fire
Wands
 p - a wand of digging (6)
Scrolls
 f - a scroll of fog
 h - 2 scrolls of teleportation
 j - 2 scrolls of vulnerability
 k - a scroll of immolation
 o - 4 scrolls of identify
 u - a scroll of brand weapon


   Skills:
 + Level 5.5 Fighting
 + Level 7.4 Axes
 + Level 0.7 Throwing
 + Level 5.2 Armour
 + Level 1.2 Dodging
 + Level 0.8 Stealth
 + Level 4.7 Shields


You had 6 spell levels left.
You didn't know any spells.
Your spell library contained the following spells:

 Spells                   Type           Power      Damage    Failure   Level
 Conjure Flame            Conj/Fire      0%         6-21      98%         3
 Ignite Poison            Fire/Tmut/Pois 0%         N/A       98%         3
 Sticky Flame             Conj/Fire      0%         2d3       100%        4


Dungeon Overview and Level Annotations

Branches:
Dungeon (6/15)
 Temple: D:4-7

Altars:
The Shining One


Innate Abilities, Weirdness & Mutations

You occasionally shout uncontrollably at your foes.
Your muscles are strong. (Str +2)
Your spells are a little easier to cast, but a little less powerful.


Message History

You feel strangely unstable.
Your surroundings suddenly seem different.
You yell at the orc! 2 orcs come into view.
An orc is wielding a +1 hand axe of venom.
Found 25 stones.
The orc shouts! x2
The orc hits you with a +0 hand axe.
* * * LOW HITPOINT WARNING * * *
Found a runed dagger.
An adder comes into view.
Found a scroll of identify.
The adder hisses angrily.
You block the adder's attack.
You closely miss the adder. You slash the orc!
You kill the orc!
Beogh accepts your kill. The adder bites you but does no damage.
You closely miss the adder. The adder barely misses you.
You block the adder's attack.
You barely miss the adder. You hit the orc.
The orc hits you with a +1 hand axe of venom!
* * * LOW HITPOINT WARNING * * *
You are lethally poisoned!
The adder closely misses you.
It was a potion of berserk rage.
A red film seems to cover your vision as you go berserk!
You feel yourself moving faster!
You feel mighty!
* * * LOW HITPOINT WARNING * * *
You feel very sick. You block the adder's attack.
The orc completely misses you.
You slash the adder!
You kill the adder!
Beogh accepts your kill.
You slice the orc!!
You kill the orc!
Beogh accepts your kill.
* * * LOW HITPOINT WARNING * * *
You feel sick.
You die...

..
#............#
#.####......#
#.####.....o####
#..............#
#.#.........##.#
..#.##########o#
###. #.# )
####.# . #@)..#
#†#### #?# #.#
#.# #.# #.# ..#


There were no monsters in sight!

Vanquished Creatures
  Sigmund (D:5)
  Edmund (D:5)
  An ogre (D:4)
  A centaur (D:5)
  A scorpion (D:6)
  A hound (D:4)
  A bullfrog skeleton (D:4)
  An orc priest (D:4)
  A centaur skeleton (D:4)
  8 adders
  An ufetubus (D:4)
  An adder skeleton (D:4)
  A worm (D:2)
  A dart slug (D:4)
  7 orcs
  8 endoplasms
  2 giant cockroaches (D:1)
  9 goblins
  8 hobgoblins
  4 jackals (D:4)
  3 quokkas
  6 ball pythons
  7 bats
  6 frilled lizards
  8 kobolds
  2 rats
91 creatures vanquished.

Vanquished Creatures (others)
  An orc (D:3)
1 creature vanquished.

Grand Total: 92 creatures vanquished

Notes
Turn   | Place    | Note
-------+----------+-------------------------------------------
     0 | D:1      | jlumianski the Hill Orc Fighter began the quest for the
                  | Orb.
     0 | D:1      | Reached XP level 1. HP: 19/19 MP: 1/1
   180 | D:1      | Reached XP level 2. HP: 22/27 MP: 2/2
   349 | D:2      | Reached skill level 3 in Axes
   631 | D:1      | Reached XP level 3. HP: 33/33 MP: 3/3
  1663 | D:2      | Reached skill level 4 in Axes
  1708 | D:2      | Reached XP level 4. HP: 40/40 MP: 4/4
  1919 | D:2      | Upgraded the game from 0.28-a0-1616-g050a50673c to
                  | 0.28-a0-1624-g820543e53a
  2096 | D:3      | Became a worshipper of Beogh the Brigand
  2242 | D:5      | Entered Level 5 of the Dungeon
  2309 | D:5      | Noticed Sigmund
  2324 | D:5      | HP: 2/40 [something (7)]
  2326 | D:5      | Killed Sigmund
  2327 | D:5      | Reached skill level 5 in Axes
  2327 | D:5      | Reached XP level 5. HP: 2/47 MP: 5/5
  2327 | D:5      | Reached XP level 6. HP: 3/53 MP: 6/6
  3098 | D:4      | Reached skill level 6 in Axes
  4032 | D:4      | Reached * piety under Beogh
  4048 | D:4      | Found a glowing golden altar of the Shining One.
  4194 | D:4      | Reached skill level 5 in Fighting
  4241 | D:4      | Reached XP level 7. HP: 61/61 MP: 7/7
  4244 | D:4      | Reached skill level 1 in Dodging
  4708 | D:5      | Noticed Edmund
  4718 | D:5      | Reached skill level 5 in Armour
  4736 | D:5      | Killed Edmund
  4737 | D:5      | Reached skill level 7 in Axes
  4741 | D:5      | Gained mutation: Your spells are a little easier to cast,
                  | but a little less powerful. [potion of mutation]
  4741 | D:5      | Gained mutation: You occasionally shout uncontrollably at
                  | your foes. [potion of mutation]
  4741 | D:5      | Gained mutation: Your muscles are strong. (Str +2) [potion
                  | of mutation]
  4746 | D:5      | HP: 3/61 [poisoned by Edmund]
  4749 | D:5      | HP: 1/61 [poisoned by Edmund]
  5136 | D:6      | HP: 2/91 [poisoned by an orc]
  5138 | D:6      | Succumbed to an orc's poison

Illustrated notes

Levels and vault maps discovered:
D:1:      zaba_arrival_water, layout_basic
D:2:      layout_rooms
D:3:      layout_loops_ring, minivault_4, minivault_14
D:4:      minmay_inner_zag, layout_loops_ring, tso_altar
D:5:      layout_gridville, mainiacjoe_overflow_brackets,
          eino_small_chamber_without_monster, uniq_edmund, uniq_sigmund
D:6:      layout_basic, minmay_temple_entry_large_hall, ebering_ghost_sewer_f,
          chequers_serial_rivers_large_a

Skill      XL: |  1  2  3  4  5  6  7 |
---------------+----------------------+-----
Fighting       | 4 5 |  5.5
Axes           | 3 4 5 6 7 |  7.4
Shields        | 4 |  4.7
Armour         | 4 5 |  5.2
Dodging        | 1 |  1.2
Throwing       | |  0.7
Stealth        | |  0.8

Action                   |  1- 3 |  4- 6 |  7- 9 || total
-------------------------+-------+-------+-------++-------
Melee: War axe           |   116 |   114 |    41 ||   271
Throw: Stone             |    20 |       |       ||    20
       Dart              |       |     8 |     5 ||    13
Invok: Convert to Beogh  |       |     1 |       ||     1
  Use: Scroll            |     5 |     6 |     2 ||    13
       Potion            |       |     1 |     5 ||     6
Armor: Scale mail        |    61 |    62 |    17 ||   140
Dodge: Dodged            |    53 |    40 |    26 ||   119
Block: Buckler           |    33 |    25 |    21 ||    79

Table legend: (Time is in decaauts)
 A = Elapsed time spent in this place.
 B = Non-inter-level travel time spent in this place.
 C = Inter-level travel time spent in this place.
 D = Time resting spent in this place.
 E = Time spent auto-exploring this place.
 F = Levels seen in this place.
 G = Mean time per level.
                   A        B        C        D        E       F      G
               +--------+--------+--------+--------+--------+-----+--------+
         Total |   5246 |   4978 |    268 |    780 |   2705 |   6 |  874.3 |
       Dungeon |   5246 |   4978 |    268 |    780 |   2705 |   6 |  874.3 |
               +--------+--------+--------+--------+--------+-----+--------+

Top non-repeatable levels by time:
     D:4: 2034 daAuts
     D:2: 1084 daAuts
     D:3: 888 daAuts
     D:1: 885 daAuts
     D:5: 290 daAuts
     D:6: 63 daAuts
